 Dungeon Crawl Stone Soup version 0.27.1-34-g3ba077fa99 (webtiles) character file.

Game seed: 8248650854998004322

14 cbfl8 the Caller (level 2, -1/20 HPs)
             Began as a Minotaur Summoner on Jan 13, 2022.
             Was an Initiate of Yredelemnul.
             Slain by a quokka (2 damage)
             ... on level 1 of the Dungeon.
             The game lasted 00:03:07 (2095 turns).

cbfl8 the Caller (Minotaur Summoner)                Turns: 2095, Time: 00:03:08

Health: -1/20      AC:  2    Str: 12    XL:     2   Next: 31%
Magic:  3/3        EV: 12    Int: 12    God:    Yredelemnul [......]
Gold:   39         SH:  0    Dex: 10    Spells: 2/3 levels left

rFire    . . .     SeeInvis .   c - +0 whip
rCold    . . .     Faith    .   (no shield)
rNeg     . . .     Spirit   .   a - +0 robe
rPois    .         Reflect  .   (helmet restricted)
rElec    .         Harm     .   (no cloak)
rCorr    .         Rampage  .   (no gloves)
Will     .....                  (no boots)
Stlth    ++........             (no amulet)
HPRegen  0.06/turn              (no ring)
MPRegen  0.08/turn              (no ring)

@: no status effects
A: horns 2, retaliatory headbutt
a: Renounce Religion


You were on level 1 of the Dungeon.
You worshipped Yredelemnul.
Yredelemnul was noncommittal.
You visited 1 branch of the dungeon, and saw 1 of its levels.

You collected 39 gold pieces.

Inventory:

Hand Weapons
 c - a +0 whip (weapon)
Missiles
 e - 11 poisoned darts
Armour
 a - a +0 robe (worn)
Scrolls
 b - a scroll of holy word {unknown}
 d - a scroll of identify {unknown}


   Skills:
 + Level 2.5 Dodging
 + Level 1.6 Stealth
 + Level 0.2 Unarmed Combat
 + Level 1.4 Spellcasting
 + Level 3.2 Summonings


You had 2 spell levels left.
You knew the following spells:

 Your Spells              Type           Power      Damage    Failure   Level
a - Summon Small Mammal   Summ           32%        N/A       8%          1

Your spell library contained the following spells:

 Spells                   Type           Power      Damage    Failure   Level
 Call Imp                 Summ           8%         N/A       12%         2
 Call Canine Familiar     Summ           8%         N/A       22%         3
 Summon Guardian Golem    Hex/Summ       4%         N/A       41%         3
 Conjure Flame            Conj/Fire      0%         6-21      65%         3
 Ignite Poison            Fire/Tmut/Pois 0%         N/A       65%         3
 Summon Lightning Spire   Summ/Air       4%         N/A       83%         4
 Sticky Flame             Conj/Fire      0%         2d3       96%         4


Dungeon Overview and Level Annotations

Branches:
Dungeon (1/15)

Altars:
Yredelemnul


Innate Abilities, Weirdness & Mutations

You have a pair of horns on your head.
You reflexively headbutt those who attack you in melee.


Message History

You see here 11 poisoned darts.
e - 11 poisoned darts A quokka comes into view.
You open the door.
An endoplasm comes into view.
The endoplasm quivers.
There is an open door here.
The endoplasm hits you. The endoplasm misses you.
The quokka completely misses you. You furiously retaliate!
You headbutt the quokka, but do no damage.
You hit the endoplasm.
You kill the endoplasm!
Yredelemnul accepts your kill. The quokka bites you.
Found 6 gold pieces.
The quokka closely misses you. You furiously retaliate!
You headbutt the quokka, but do no damage.
You hit the quokka but do no damage. The quokka closely misses you.
The quokka bites you.
You hit the quokka but do no damage. The quokka misses you.
You barely miss the quokka. The quokka bites you.
You closely miss the quokka. Your headbutt misses the quokka.
The quokka closely misses you. The quokka bites you.
* * * LOW HITPOINT WARNING * * *
You miss the quokka.
The quokka bites you but does no damage.
You miss the quokka. The quokka bites you.
* * * LOW HITPOINT WARNING * * *
You miss the quokka.
The quokka bites you but does no damage.
The quokka barely misses you.
You miss the quokka. The quokka misses you.
You miss the quokka. The quokka closely misses you.
You hit the quokka but do no damage. The quokka misses you.
The quokka barely misses you.
You hit the quokka but do no damage. The quokka bites you.
* * * LOW HITPOINT WARNING * * *
You closely miss the quokka. The quokka bites you.
You die...
Your body rises from the dead as a mindless zombie.

#.......#
######.....<.
#######.# .# ########
##'####### .##
##...##... ..#
##.....#.# #..#
##........# ###...#
#.........###.....####
+.........'...........
#.........###r@...####
##...................#
##.....#####..#####.#
##...## #..# # ##+##
#..# ##.# #.# #$.


You could see a quokka.

Vanquished Creatures
  A dart slug (D:1)
  A bat (D:1)
  4 endoplasms (D:1)
  A ball python (D:1)
  3 frilled lizards (D:1)
  A kobold (D:1)
  2 rats (D:1)
13 creatures vanquished.

Vanquished Creatures (others)
  5 fungi (D:1)
5 creatures vanquished.

Grand Total: 18 creatures vanquished

Notes
Turn   | Place    | Note
-------+----------+-------------------------------------------
     0 | D:1      | cbfl8 the Minotaur Summoner began the quest for the Orb.
     0 | D:1      | Reached XP level 1. HP: 14/14 MP: 1/1
   320 | D:1      | Reached skill level 3 in Summonings
  1367 | D:1      | Reached XP level 2. HP: 18/20 MP: 3/3
  1533 | D:1      | Found a basalt altar of Yredelemnul.
  1545 | D:1      | Became a worshipper of Yredelemnul the Dark
  2094 | D:1      | HP: 1/20 [quokka (1)]
  2095 | D:1      | Slain by a quokka

Illustrated notes

Levels and vault maps discovered:
D:1:      dpeg_arrival_water_fire, layout_loops_corners,
          chequers_ecumenical_altar_simple_redux, kennysheep_flooded_box,
          chequers_serial_rivers_room_a

Skill      XL: |  1 |
---------------+----+-----
Summonings     | 3 |  3.2
Dodging        | |  2.5
Stealth        | |  1.6
Unarmed Combat | |  0.2
Spellcasting   | |  1.4

Action                   || total
-------------------------++-------
Melee: Unarmed           ||    60
       Headbutt          ||     6
       Whip              ||    16
 Cast: Summon Small Mamm ||     1
 Stab: Sleeping          ||     1
Armor: Robe              ||     7
Dodge: Dodged            ||    38
